 Dungeon Crawl Stone Soup version 0.31-a0-557-g6e16503903 (webtiles) character file.

Game seed: 2752341354382800795

27882 mdonais the Martial Artist (level 13, -3/92 HPs)
             Began as an Octopode Reaver on Aug 12, 2023.
             Was a High Priest of Nemelex Xobeh.
             Slain by a sun demon (10 damage)
             ... summoned by the player character
             ... on level 2 of the Orcish Mines on Aug 16, 2023.
             The game lasted 01:28:46 (15501 turns).

mdonais the Martial Artist (Octopode Reaver)       Turns: 15501, Time: 01:28:46

Health: -3/92      AC:  5    Str: 11    XL:     13   Next: 35%
Magic:  19/19      EV: 20    Int: 16    God:    Nemelex Xobeh [*****.]
Gold:   592        SH:  0    Dex: 21    Spells: 12/16 levels left

rFire   . . .        a - melded +0 dagger (speed)
rCold   . . .        (shield currently unavailable)
rNeg    . . .        (helmet restricted)
rPois   .            O - amulet of faith
rElec   .            j - +4 ring of protection
rCorr   .            q - +6 ring of dexterity
SInv    .            (no ring)
Will    .....        (no ring)
Stlth   ++           (no ring)
HPRegen 0.35/turn    (no ring)
MPRegen 0.16/turn    (no ring)
                     (no ring)

%: faith
@: flux-form, glowing
A: glow, contaminating, almost no armour, amphibious, 8 rings, camouflage 1,
gelatinous body 1, (nimble swimmer 1), tentacles
a: Begin Untransformation, Renounce Religion, Draw Escape, Draw Destruction,
Draw Summoning, Triple Draw, Deal Four, Stack Five


You were on level 2 of the Orcish Mines.
You worshipped Nemelex Xobeh.
Nemelex Xobeh was extremely pleased with you.
You were something dangerously unstable.
You visited 3 branches of the dungeon, and saw 13 of its levels.
You also visited: Sewer.

You collected 1478 gold pieces.
You spent 886 gold pieces at shops.

Inventory:

Hand Weapons
 a - a +0 dagger of speed (melded)
   (You took it off an orc on level 4 of the Dungeon)
 b - the +11 trident of Gehenna {flame, rC++ Int-5}
   (You found it on level 8 of the Dungeon)

   Int-5:     It affects your intelligence (-5).
   rC++:      It greatly protects you from cold.
 f - a +0 orcbow
   (You took it off a centaur on level 6 of the Dungeon)
 y - a +2 scimitar of flaming
   (You took it off an efreet on level 9 of the Dungeon)
 C - a +1 dagger of venom
   (You took it off an orc wizard on level 5 of the Dungeon)
 I - a +2 dagger of speed
   (You took it off an orc on level 8 of the Dungeon)
 L - a +4 scimitar of flaming
   (You took it off an efreet on level 10 of the Dungeon)
Missiles
 i - 20 poisoned darts
 t - 7 boomerangs
 K - 2 darts of dispersal
 Z - 4 throwing nets {=!f}
Armour
 G - a +0 buckler
   (You found it on level 8 of the Dungeon)
Jewellery
 j - a +4 ring of protection (left tentacle)
   (You found it on level 1 of the Dungeon)
 q - a +6 ring of dexterity (right tentacle)
   (You found it on level 3 of the Dungeon)
 r - an amulet of regeneration
   (You found it on level 6 of the Dungeon)
 D - the ring of Rauzytyu {rC+ rCorr Str+6 Slay-3 SInv}
   (You found it on level 7 of the Dungeon)

   [ring of strength]

   Str+6:     It affects your strength (+6).
   Slay-3:    It affects your accuracy & damage with ranged weapons and melee
   (-3).
   rC+:       It protects you from cold.
   SInv:      It lets you see invisible.
   rCorr:     It protects you from acid and corrosion.
 O - an amulet of faith (around mantle)
   (You took it off a centaur warrior on level 9 of the Dungeon)
Talismans
 e - a flux talisman (active)
   (You found it on level 1 of the Dungeon)
 n - a beast talisman
   (You found it on level 2 of the Dungeon)
Wands
 c - a wand of light (6)
   (You found it on level 7 of the Dungeon)
 J - a wand of roots (7)
   (You found it on level 9 of the Dungeon)
 P - a wand of mindburst (9)
   (You found it on level 10 of the Dungeon)
 V - a wand of flame (32)
   (You took it off Ijyb on level 3 of the Dungeon)
Scrolls
 d - 5 scrolls of fog
 g - a scroll of revelation
 h - 2 scrolls of summoning
 m - 3 scrolls of torment
 p - 3 scrolls of vulnerability
 u - 3 scrolls of poison
 B - 4 scrolls of blinking
 F - 2 scrolls of noise {unknown}
 M - a scroll of immolation
 N - a scroll of enchant armour {unknown}
 Q - a scroll of brand weapon {unknown}
 R - a scroll of acquirement
 S - a scroll of fear
 T - a scroll of teleportation
Potions
 k - 3 potions of heal wounds
 l - 3 potions of curing {unknown}
 o - 2 potions of enlightenment {unknown}
 s - 3 potions of mutation {unknown}
 v - 5 potions of invisibility {unknown}
 w - 2 potions of degeneration {unknown}
 x - a potion of might {unknown}
 z - 2 potions of attraction {unknown}
 A - a potion of resistance {unknown}
 E - 2 potions of lignification {unknown}
 H - 2 potions of haste


   Skills:
 + Level 10.1 Fighting
 - Level 3.0 Short Blades
 + Level 10.1 Dodging
 - Level 6.0 Stealth
 * Level 12.3 Unarmed Combat
 - Level 2.0 Spellcasting
 - Level 3.0 Conjurations
 - Level 1.0 Translocations
 + Level 8.2 Invocations
 - Level 3.0 Evocations
 + Level 7.2 Shapeshifting


You had 12 spell levels left.
You knew the following spells:

 Your Spells              Type           Power      Damage    Failure   Level
a - Shock                 Conj/Air       24%        1d4       11%         1
b - Momentum Strike       Conj/Tloc      16%        3d8       14%         2
c - Kiss of Death         Conj/Necr      24%        2d7       11%         1

Your spell library contained the following spells:

 Spells                   Type           Power      Damage    Failure   Level
 Cigotuvi's Dreadful Rot  Necr/Pois/Air  2%         N/A       30%         2
 Hailstorm                Conj/Ice       6%         3d4       32%         3
 Stone Arrow              Conj/Erth      12%        3d7       32%         3
 Ignite Poison            Fire/Tmut/Pois 1%         N/A       52%         3
 Swiftness                Air            1%         N/A       52%         3
 Airstrike                Air            0%         2d(1-17)  90%         4
 Freezing Cloud           Conj/Ice/Air   2%         6-21      98%         5
 Lehudib's Crystal Spear  Conj/Erth      3%         10d2      100%        8
 Animate Armour           Summ/Erth      Unusable   N/A       N/A         4

Dungeon Overview and Level Annotations

Branches:
Dungeon (10/15) Zot: 24747  Temple (0/1) D:6            Lair (1/5) D:10 Zot: 4225
    Orc (2/2) D:9 Zot: 10474   Sewer (visited)
    Elf: Orc:2

Altars:
Ashenzari
Cheibriados
Dithmenos
Gozag
Hepliaklqana
Kikubaaqudgha
Makhleb
Nemelex Xobeh
Okawaru
Sif Muna
Trog
Uskayaw
The Shining One

Shops:
D:1 *   D:5 *   Orc:1 ::?

Annotations:
D:6 gold
D:7 2 transporters, 4 runed translucent doors, Newt's ghost, novice DsGl
Lair:1 exclusion: oklob plant


Innate Abilities, Weirdness & Mutations

You are something dangerously unstable.
You glow with magical radiation, making you easy to see and hit.
Foes you strike become dangerously contaminated with magical radiation.
You are incapable of wielding weapons or throwing items.
You cannot wear most types of armour.
You are amphibious.
You can wear up to eight rings at the same time.
Your skin changes colour to match your surroundings (Stealth+).
Your rubbery body absorbs attacks. (AC +1, EV +1)
((You are camouflaged when in or above water. (Stealth+)))
You have tentacles for arms and can constrict up to eight enemies at once.


Message History

The ogre twists and deforms.
You squeeze the ogre!
The ogre is almost dead.
The warg bites you!
An orc warrior comes into view. It is wielding a +0 battleaxe.
You take 8 damage, and have 84/92 hp.
The orc warrior shouts!
You tentacle-slap the ogre but do no damage.
The ogre begins to glow.
You squeeze the ogre.
You kill the ogre!
The warg bites you but does no damage.
You tentacle-slap the warg but do no damage.
The warg begins to glow.
The warg bites you.
You take 5 damage, and have 80/92 hp.
You tentacle-slap the warg.
The warg glows dangerously bright.
You squeeze the warg.
The warg is moderately wounded.
The warg completely misses you.
You tentacle-slap the warg.
The warg shudders as magic cascades through it!!
The warg twists and deforms.
You squeeze the warg.
You kill the warg!
Cast which spell? (? or * to list)
Aiming: Shock (safe; 11% risk of failure)
Press: ? - help, Shift-Dir - straight line, f - orc warrior
Aim: an orc warrior, wielding a +0 battleaxe and wearing a +0 plate armour (64% to hit)
The zap misses the orc warrior.
You now have 18/19 mp.
Casting: Shock (safe; 11% risk of failure)
Confirm with . or Enter, or press ? or * to list all spells.
Aiming: Shock (safe; 11% risk of failure)
Press: ? - help, Shift-Dir - straight line, f/p - orc warrior
Aim: an orc warrior, wielding a +0 battleaxe and wearing a +0 plate armour (64% to hit)
The zap hits the orc warrior but does no damage.
You now have 17/19 mp.
An orc comes into view. It is wielding a +0 club.
The orc shouts!
You tentacle-slap the orc warrior but do no damage.
The orc warrior begins to glow.
You grab the orc warrior.
You constrict the orc warrior, but do no damage.
An orc comes into view. It is wielding a +0 mace.
The orc warrior hits you with a +0 battleaxe.
You take 2 damage, and have 83/92 hp.
The orc shouts!
You tentacle-slap the orc warrior.
The orc warrior glows dangerously bright.
The orc warrior is lightly wounded.
You constrict the orc warrior, but do no damage.
You hear a shout!
The orc warrior misses you.
You bludgeon the orc warrior!
The orc warrior shudders as magic cascades through it!!
You kill the orc warrior!
You tentacle-slap the orc.
The orc begins to glow.
You grab the orc.
The orc is severely wounded.
You constrict the orc, but do no damage.
The orc closely misses you.
You tentacle-slap the orc.
The orc glows dangerously bright.
The orc is almost dead.
You constrict the orc.
You kill the orc!
The orc misses you.
You bludgeon the orc!
You kill the orc!
No target in view!
No target in view!
Magic restored.
An orc priest comes into view. It is wielding a +0 whip.
You see here 23 gold pieces.
Health restored: 92; MP restored: 19 An orc priest is nearby!
Found 26 gold pieces.
An orc warrior comes into view. It is wielding a +0 trident.
Found 18 gold pieces.
The orc priest invokes the aid of Beogh against you.
You resist with significant effort.
The orc priest invokes the aid of Beogh against you.
Beogh smites you!
You take 12 damage, and have 80/92 hp.
The orc warrior shouts!
You tentacle-slap the orc priest.
The orc priest begins to glow.
Your grab misses the orc priest. You squeeze the orc priest.
The orc priest is heavily wounded.
You hear a shout!
The orc priest hits you with a +0 whip.
You take 2 damage, and have 78/92 hp.
You bludgeon the orc priest!
You kill the orc priest!
You tentacle-slap the orc warrior.
The orc warrior begins to glow.
You grab the orc warrior.
The orc warrior is lightly wounded.
You constrict the orc warrior. The orc warrior misses you.
You tentacle-slap the orc warrior but do no damage.
The orc warrior glows dangerously bright.
You squeeze the orc warrior, but do no damage.
The orc warrior is lightly wounded.
You constrict the orc warrior, but do no damage.
The orc warrior hits you but does no damage.
You tentacle-slap the orc warrior.
The orc warrior shudders as magic cascades through it.
The orc warrior twists and deforms.
The orc warrior is moderately wounded.
You constrict the orc warrior. You bludgeon the orc warrior!
The orc warrior begins to glow.
The orc warrior is severely wounded.
You constrict the orc warrior.
The orc warrior hits you with a +0 trident!
An orc sorcerer comes into view. It is wielding a +0 dagger.
You take 7 damage, and have 72/92 hp.
You tentacle-slap the orc warrior but do no damage.
The orc warrior glows dangerously bright.
The orc warrior is severely wounded.
You constrict the orc warrior. The orc warrior closely misses you.
The orc sorcerer suddenly shouts.
You tentacle-slap the orc warrior.
You kill the orc warrior!
An orc wizard and an orc come into view.
The orc sorcerer casts a spell at you. The bolt of fire hits you!!
The orc shouts!
The orc wizard shouts!
You take 26 damage, and have 47/92 hp.
MASSIVE DAMAGE!!
You draw a card...
You have drawn Degeneration.
The orc sorcerer evaporates and reforms as a manticore!
The manticore twists and deforms.
The orc evaporates and reforms as an endoplasm!
The endoplasm twists and deforms.
The orc wizard evaporates and reforms as a gnoll!
The gnoll twists and deforms.
The gnoll picks up a +0 dagger.
The gnoll wields a +0 dagger.
You draw a card...
You have drawn the Dance.
The gnoll picks up a +0 robe.
The gnoll wears a +0 robe.
The manticore misses you. The manticore claws you.
The manticore closely misses you.
You take 1 damage, and have 46/92 hp.
You draw a card...
You have drawn the Pentagram.
Your +0 trident of freezing hits the manticore!
Your +0 trident of freezing freezes the manticore.
The manticore bites you! The manticore claws you.
The manticore barely misses you.
You take 13 damage, and have 33/92 hp.
You are too injured to fight recklessly!
You are too injured to fight recklessly!
Your +0 trident of freezing hits the manticore.
Your +0 trident of freezing freezes the manticore.
An orc comes into view. It is wielding a +0 dagger.
Your +0 trident of freezing hits the manticore!
Your +0 trident of freezing freezes the manticore.
The sun demon hits you!!
* * * LOW HITPOINT WARNING * * *
You are engulfed in flames!
You die...
Your body disappears without additional glow.

...............
....g...........
o.................
...................
.).................
#..J).......$.....
#...H...$........
#.R(.............
##..B.............
##..3..)..........
##..)............
###..............
#..............
##..............
##$............
##............
##...........


You could see a sun demon (summoned), a manticore (distracted, misshapen, ally
target), a gnoll (misshapen), an orc, an endoplasm (misshapen), a friendly
rakshasa (summoned) and a friendly +0 trident of freezing (summoned).

Vanquished Creatures
  An orc warlord (Orc:1)
  A hydra (Lair:1)
  2 centaur warriors (D:9)
  3 two-headed ogres
  An orc high priest (Orc:1)
  A deep elf pyromancer (D:9)
  An orc sorcerer (Orc:2)
  3 cyclopes (D:9)
  5 elephants (Lair:1)
  A manticore (D:10)
  Joseph (D:10)
  A black mamba (Lair:1)
  A gargoyle (D:7)
  An efreet (D:9)
  7 komodo dragons
  A hornet (D:7)
  6 trolls
  3 blink frogs (Lair:1)
  4 wyverns
  A wraith (D:10)
  3 steam dragons
  A basilisk (Lair:1)
  A human (D:10)
  9 yaks
  2 vampire mosquitoes (D:9)
  A swamp worm (shapeshifter) (D:9)
  2 wargs
  2 acid dragons (D:10)
  5 water moccasins
  2 sky beasts
  An ice beast (D:7)
  10 orc warriors
  8 ogres
  3 centaurs
  3 kobold brigands
  A necrophage (D:10)
  4 bullfrogs
  A gnoll sergeant (D:9)
  3 scorpions
  7 wights
  A killer bee (D:7)
  7 howler monkeys
  A crimson imp (D:10)
  4 hounds (D:6)
  A gnoll bouda (D:7)
  12 orc priests
  2 jellies
  2 sleepcaps
  Jessica (D:2)
  Natasha (thrice) (D:2)
  4 iguanas
  20 orc wizards
  Ijyb (D:3)
  Robin (D:2)
  16 adders
  13 gnolls
  2 river rats (D:6)
  A shadow imp (D:7)
  3 white imps
  An ufetubus (D:4)
  7 worms
  4 dart slugs
  55 orcs
  13 ball pythons
  2 bats (D:1)
  9 endoplasms
  11 giant cockroaches
  9 goblins
  7 hobgoblins
  7 jackals
  3 quokkas
  2 frilled lizards (D:2)
  10 kobolds
  14 rats
363 creatures vanquished.

Vanquished Creatures (collateral kills)
  A broodmother (D:5)
  A centaur warrior (D:10)
  Lodul (D:10)
  A gargoyle (D:6)
  An efreet (D:10)
  2 hornets (D:7)
  4 yaks (D:9)
  A water moccasin (D:6)
  A black bear (D:5)
  4 ogres (D:10)
  A phantom (D:7)
  2 bullfrogs
  A scorpion (D:6)
  4 killer bees (D:7)
  A howler monkey (D:5)
  A crimson imp (D:5)
  A hound (D:6)
  An orc wizard (D:9)
  A gnoll (D:9)
  2 adders (D:6)
  A river rat (D:5)
  6 orcs
39 creatures vanquished.

Grand Total: 402 creatures vanquished

Notes
Turn   | Place    | Note
-------+----------+-------------------------------------------
     0 | D:1      | mdonais the Octopode Reaver began the quest for the Orb.
     0 | D:1      | Reached XP level 1. HP: 14/14 MP: 3/3
   130 | D:1      | Reached skill level 1 in Stealth
   156 | D:1      | Reached XP level 2. HP: 19/19 MP: 5/5
   356 | D:1      | Reached XP level 3. HP: 25/25 MP: 6/6
   463 | D:1      | Found Xoaminu's Assorted Antiques.
   472 | D:1      | Bought a scroll labelled SAUJAMUXZET for 25 gold pieces
   472 | D:1      | Bought a scroll labelled WAETEONELU for 25 gold pieces
  1064 | D:2      | Noticed Natasha
  1070 | D:2      | Killed Natasha
  1071 | D:2      | Reached XP level 4. HP: 25/33 MP: 7/7
  1127 | D:2      | Noticed Natasha
  1136 | D:2      | Upgraded the game from 0.31-a0-532-g28f74ba3e5 to
                  | 0.31-a0-544-gceb718ecc6
  1143 | D:2      | Killed Natasha
  1154 | D:2      | Learned a level 2 spell: Momentum Strike
  1322 | D:2      | Reached XP level 5. HP: 38/38 MP: 8/8
  1363 | D:2      | Reached skill level 1 in Translocations
  1482 | D:2      | Noticed Robin
  1488 | D:2      | Killed Robin
  1494 | D:2      | Reached skill level 1 in Shapeshifting
  1631 | D:2      | Noticed Natasha
  1636 | D:2      | Killed Natasha
  1658 | D:2      | Noticed Jessica
  1664 | D:2      | Killed Jessica
  1880 | D:3      | Noticed a great orb of eyes
  1882 | D:3      | Found a faded altar of an unknown god.
  1885 | D:3      | Noticed a shining eye
  1885 | D:3      | Noticed an eye of devastation
  1885 | D:3      | Noticed a floating eye
  1943 | D:3      | Noticed Ijyb
  1950 | D:3      | Killed Ijyb
  1951 | D:3      | Reached skill level 5 in Fighting
  1951 | D:3      | Reached XP level 6. HP: 39/45 MP: 9/9
  2124 | D:3      | Found an ancient bone altar of Kikubaaqudgha.
  2210 | D:3      | Found a sparkling altar of Nemelex Xobeh.
  2234 | D:3      | Became a worshipper of Nemelex Xobeh the Trickster
  2327 | D:3      | Found a snail-covered altar of Cheibriados.
  2750 | D:4      | Found a hide-covered altar of Uskayaw.
  3528 | D:4      | Reached XP level 7. HP: 50/50 MP: 10/10
  3690 | D:5      | Entered Level 5 of the Dungeon
  3846 | D:5      | Identified the +0 trident of Rungur {pain, rF- Str-3 Int+6
                  | Dex+8}
  3852 | D:5      | Reached * piety under Nemelex Xobeh
  4042 | D:5      | Reached skill level 1 in Invocations
  4100 | D:5      | Received a gift from Nemelex Xobeh
  4199 | D:5      | Noticed Blork the orc
  4200 | D:5      | a gnoll changed into a broodmother
  4200 | D:5      | Noticed a broodmother
  4200 | D:5      | Blork the orc changed into Blork the adder
  4200 | D:5      | Noticed Blork
  4210 | D:5      | Noticed a tarantella
  4211 | D:5      | Noticed a jumping spider
  4213 | D:5      | Reached XP level 8. HP: 30/57 MP: 11/11
  4213 | D:5      | Noticed a tarantella
  4421 | D:5      | Noticed a jumping spider
  4422 | D:5      | Noticed a jumping spider
  4424 | D:5      | Killed a broodmother
  4425 | D:5      | Reached XP level 9. HP: 62/62 MP: 12/12
  4439 | D:5      | Found a burning altar of Makhleb.
  4464 | D:5      | Reached skill level 1 in Unarmed Combat
  4484 | D:5      | Killed Blork the adder
  4489 | D:5      | Reached skill level 2 in Unarmed Combat
  4493 | D:5      | Found a broken altar of Ashenzari.
  4668 | D:5      | Found Ashosusy's General Store.
  4674 | D:5      | Bought 2 potions of haste for 220 gold pieces
  4782 | D:6      | Found an opulent altar of Gozag.
  4783 | D:6      | Found an opulent altar of Gozag.
  4787 | D:6      | Found an opulent altar of Gozag.
  4806 | D:6      | Found an opulent altar of Gozag.
  4846 | D:6      | Reached skill level 3 in Unarmed Combat
  4858 | D:6      | Reached skill level 4 in Unarmed Combat
  4884 | D:6      | Reached ** piety under Nemelex Xobeh
  4902 | D:6      | Found a glowing drain.
  4914 | Sewer    | Entered a sewer
  5633 | Sewer    | Reached skill level 5 in Unarmed Combat
  5723 | D:6      | Noticed a gargoyle
  5758 | D:6      | Reached skill level 6 in Unarmed Combat
  5761 | D:6      | Reached skill level 1 in Evocations
  5851 | D:6      | Killed a gargoyle
  5852 | D:6      | Reached skill level 5 in Invocations
  5852 | D:6      | Reached XP level 10. HP: 68/68 MP: 13/13
  6089 | D:6      | Found a staircase to the Ecumenical Temple.
  6164 | D:6      | Received a gift from Nemelex Xobeh
  6377 | D:7      | Paralysed by a hornet for 3 turns
  6381 | D:7      | HP: 3/69 [hornet (13)]
  6384 | D:7      | Reached skill level 5 in Dodging
  6386 | D:7      | HP: 3/69 [poisoned by a hornet]
  6489 | D:7      | Reached skill level 7 in Unarmed Combat
  6602 | D:7      | Found a glowing golden altar of the Shining One.
  6722 | D:7      | Noticed Newt's ghost (novice DsGl)
  6733 | D:7      | Found a transporter.
  6757 | D:7      | Found a transporter.
  6766 | D:7      | Found a bloodstained altar of Trog.
  6776 | D:7      | Noticed a moth of wrath
  7038 | D:7      | Reached *** piety under Nemelex Xobeh
  7094 | D:7      | Received a gift from Nemelex Xobeh
  7140 | D:7      | Found a large runed translucent door.
  7140 | D:7      | Found a large runed translucent door.
  7143 | D:7      | Noticed a deep elf pyromancer
  7150 | D:7      | Found a large runed translucent door.
  7150 | D:7      | Found a large runed translucent door.
  7192 | D:7      | Noticed a two-headed ogre
  7204 | D:7      | Killed a two-headed ogre
  7354 | D:7      | Paralysed by a hornet for 1 turns
  7357 | D:7      | Paralysed by a hornet for 3 turns
  7426 | D:7      | Noticed a gargoyle
  7435 | D:7      | Killed a gargoyle
  7436 | D:7      | Reached skill level 8 in Unarmed Combat
  7456 | D:7      | Identified the ring of Rauzytyu {rC+ rCorr Str+6 Slay-3
                  | SInv}
  7513 | D:8      | Noticed a two-headed ogre
  7524 | D:8      | Killed a two-headed ogre
  7525 | D:8      | Reached XP level 11. HP: 65/76 MP: 15/15
  7801 | D:8      | Reached skill level 9 in Unarmed Combat
  8145 | D:8      | Found an iron altar of Okawaru.
  8224 | D:8      | Identified the +11 trident of Gehenna {flame, rC++ Int-5}
  8343 | D:9      | Reached **** piety under Nemelex Xobeh
  8343 | D:9      | Received a gift from Nemelex Xobeh
  8350 | D:9      | Found a staircase to the Orcish Mines.
  8397 | D:9      | Learned a level 1 spell: Shock
  8402 | D:9      | Reached skill level 10 in Unarmed Combat
  8432 | D:9      | Noticed a centaur warrior
  8451 | D:9      | Noticed a cyclops
  8452 | D:9      | Killed a centaur warrior
  8472 | D:9      | Killed a cyclops
  8482 | D:9      | Noticed a two-headed ogre
  8538 | D:9      | Noticed a centaur warrior
  8691 | D:9      | Killed a centaur warrior
  8858 | D:9      | Killed a two-headed ogre
  8916 | D:9      | Noticed a cyclops
  9046 | D:9      | Killed a cyclops
  9047 | D:9      | Reached skill level 5 in Stealth
  9336 | D:9      | Noticed a cyclops
  9353 | D:9      | Killed a cyclops
  9454 | D:9      | Found a shimmering blue altar of Sif Muna.
  9466 | D:9      | Noticed a deep elf pyromancer
  9469 | D:9      | Reached XP level 12. HP: 69/84 MP: 17/17
  9878 | D:10     | Entered Level 10 of the Dungeon
  9878 | D:10     | Found a bloodstained altar of Trog.
 10045 | D:10     | Found an iron altar of Okawaru.
 10078 | D:10     | Noticed Lodul
 10214 | D:10     | Killed Lodul
 10247 | D:10     | Found a shadowy altar of Dithmenos.
 10248 | D:10     | Found a hazy altar of Hepliaklqana.
 10437 | D:10     | Noticed Joseph
 10458 | D:10     | Killed Joseph
 10554 | D:10     | Noticed a centaur warrior
 10573 | D:10     | Killed a centaur warrior
 11551 | D:10     | Reached skill level 11 in Unarmed Combat
 11592 | D:10     | Reached skill level 10 in Fighting
 11650 | D:10     | Found a staircase to the Lair.
 11886 | D:10     | Received a gift from Nemelex Xobeh
 11947 | Lair:1   | Entered Level 1 of the Lair of Beasts
 12259 | Lair:1   | Noticed a six-headed hydra
 12269 | Lair:1   | Killed a six-headed hydra
 12369 | Lair:1   | Received a gift from Nemelex Xobeh
 12660 | Lair:1   | Reached XP level 13. HP: 73/92 MP: 17/19
 12664 | Lair:1   | Reached skill level 10 in Dodging
 12977 | Lair:1   | Reached ***** piety under Nemelex Xobeh
 13820 | Orc:1    | Entered Level 1 of the Orcish Mines
 13832 | D:9      | Reached skill level 12 in Unarmed Combat
 14125 | Orc:2    | Entered Level 2 of the Orcish Mines
 14168 | Orc:1    | Found Tilimp's Magic Scroll Shop.
 14228 | Orc:1    | Found Somegg's Book Boutique.
 14250 | Orc:1    | Bought a scroll of acquirement for 572 gold pieces
 14250 | Orc:1    | Bought a scroll of fear for 44 gold pieces
 14415 | Orc:1    | Found Xoaneboi's Book Shop.
 14644 | Orc:1    | Noticed an orc warlord
 14660 | Orc:1    | Killed an orc warlord
 15077 | Orc:1    | Upgraded the game from 0.31-a0-544-gceb718ecc6 to
                  | 0.31-a0-557-g6e16503903
 15223 | Orc:2    | Received a gift from Nemelex Xobeh
 15501 | Orc:2    | Slain by a sun demon

Illustrated notes

Levels and vault maps discovered:
D:1:      heliophobic_arrival_dark_side_of_the_moon, layout_basic, serial_shops,
          shop, minmay_worlds_worst_comb
D:2:      layout_loops_ring, uniq_robin, uniq_natasha, uniq_jessica
D:3:      layout_loops_ring, mainiacjoe_overflow_paths,
          mainiacjoe_overflow_cross_hatched,
          nicolae_kikubaaqudgha_miasma_corner,
          hellmonk_ecumenical_altar_watching_god, uniq_ijyb
D:4:      layout_basic, kennysheep_little_box
D:5:      layout_basic, makhleb_grotto_becter, marbit_many_paths, serial_shops,
          shop, uniq_blork_the_orc
D:6:      minmay_clustersquares, layout_basic,
          nicolae_gozag_conspicuous_consumption, minmay_temple_entry_poolview,
          portal_sewer_entry_e, amcnicky_mini_pool_small
D:7:      layout_gridville, nicolae_tso_carved_into_rock,
          gammafunk_ghost_wrathful_warriors, minmay_hollow_rounded_squares
D:8:      layout_basic, general_overflow_altar, st_stairs_8
D:9:      layout_cave_pools, nicolae_overflow_crystal_walls, david_orc_3,
          hangedman_abyss_or_decor_clamps, minivault_28
D:10:     minmay_chambers_of_sixes, layout_rooms, trog_butcher_becter,
          riverfiend_overflow_shadow_ancestor, erik_lair_dragon,
          hangedman_stone_soup, small_statue_intersection,
          david_defended_altar_orc, uniq_lodul, uniq_joseph
Lair:1:   layout_cave_pods, minmay_lair_oklob_bushes, grunt_megastairs_1
Orc:1:    layout_diamond_mine, basic_altar, serial_shops, nicolae_square_shop,
          shop, shop, kennysheep_orc_chapel
Orc:2:    pf_orc_diabolical, layout_diamond_mine, basic_altar, serial_shops,
          nicolae_shop_peninsula

Skill      XL: |  1  2  3  4  5  6  7  8  9 10 11 12 13 |
---------------+----------------------------------------+-----
Stealth        | 1 2 3 4 5 6 |  6.0
Fighting       | 3 4 5 6 7 8 10 | 10.1
Translocations | 1 |  1.0
Shapeshifting  | 1 3 6 7 |  7.2
Dodging        | 3 4 6 9 10 | 10.1
Invocations    | 2 3 5 6 8 |  8.2
Unarmed Combat | 6 8 10 11 12 | 12.3
Evocations     | 2 3 |  3.0
Short Blades   | |  3.0
Spellcasting   | |  2.0
Conjurations   | |  3.0

Action                     |  1- 3 |  4- 6 |  7- 9 | 10-12 | 13-15 || total
---------------------------+-------+-------+-------+-------+-------++-------
  Melee: Spear             |    89 |   106 |       |       |       ||   195
         Constrict         |    15 |    26 |    47 |    93 |    38 ||   219
         Short sword       |     2 |       |       |       |       ||     2
         Tentacles         |     7 |    21 |    51 |   185 |    66 ||   330
         Punch             |       |     2 |     3 |       |       ||     5
         Dagger            |       |    32 |    68 |       |       ||   100
         Unarmed           |       |       |   128 |   525 |   174 ||   827
   Fire: Sling             |       |       |     6 |       |       ||     6
   Cast: Momentum Strike   |       |       |     3 |       |       ||     3
         Shock             |       |       |       |    37 |    18 ||    55
 Invoke: Draw Destruction  |       |       |     4 |    11 |     1 ||    16
         Draw Summoning    |       |       |     4 |     7 |     2 ||    13
         Draw Escape       |       |       |     1 |       |       ||     1
         Deal Four         |       |       |       |       |     1 ||     1
  Evoke: Wand              |       |       |       |    12 |       ||    12
    Use: Scroll            |       |       |     6 |     3 |       ||     9
         Potion            |       |       |     1 |     2 |       ||     3
   Stab: Sleeping          |    15 |    13 |    10 |     5 |       ||    43
         Distracted        |       |     2 |     1 |     2 |     1 ||     6
         Invisible         |       |       |       |     3 |       ||     3
 Armour: Skin              |    10 |    24 |    25 |    70 |    11 ||   140
  Dodge: Dodged            |    40 |    57 |   122 |   372 |   127 ||   718
   Form: Beast             |       |     1 |       |       |       ||     1
         Flux              |       |       |     1 |       |       ||     1

Table legend: (Time is in decaauts)
 A = Elapsed time spent in this place.
 B = Non-inter-level travel time spent in this place.
 C = Inter-level travel time spent in this place.
 D = Time resting spent in this place.
 E = Time spent auto-exploring this place.
 F = Levels seen in this place.
 G = Mean time per level.
                   A        B        C        D        E       F      G
               +--------+--------+--------+--------+--------+-----+--------+
         Total |  15349 |  14757 |    592 |    834 |  10576 |  14 | 1096.4 |
       Dungeon |  11308 |  10780 |    528 |    834 |   7455 |  10 | 1130.8 |
          Lair |   1774 |   1725 |     49 |      0 |   1408 |   1 | 1774.0 |
  Orcish Mines |   1524 |   1511 |     13 |      0 |   1177 |   2 |  762.0 |
         Sewer |    741 |    741 |      0 |      0 |    536 |   1 |  741.0 |
               +--------+--------+--------+--------+--------+-----+--------+

Top non-repeatable levels by time:
    D:10: 1807 daAuts
  Lair:1: 1774 daAuts
     D:8: 1407 daAuts
     D:9: 1364 daAuts
   Orc:1: 1188 daAuts
     D:7: 1140 daAuts
     D:4: 1072 daAuts
     D:1: 1071 daAuts
     D:5: 1029 daAuts
     D:6: 868 daAuts
     D:2: 821 daAuts
   Sewer: 741 daAuts
     D:3: 727 daAuts
   Orc:2: 336 daAuts
